 Dungeon Crawl Stone Soup version 0.29.1-15-g9cfb28693d (webtiles) character file.

Game seed: 1967662755006556736

20200 roguelike the Brawler (level 12, -6/111 HPs)
             Began as a Troll Berserker on Apr 15, 2023.
             Was a High Priest of Trog.
             Mangled by a jumping spider (shapeshifter) (illusionary) (15 damage)
             ... on level 13 of the Dungeon.
             The game lasted 00:54:19 (9429 turns).

roguelike the Brawler (Troll Berserker)             Turns: 9429, Time: 00:54:20

Health: -6/111     AC:  7    Str: 35    XL:     12   Next: 43%
Magic:  11/11      EV: 15    Int:  3    God:    Trog [*****.]
Gold:   764        SH:  0    Dex:  9    Spells: 11/11 levels left

rFire   . . .      SeeInvis +     - Unarmed
rCold   . . .      Faith    .   (no shield)
rNeg    . . .      Spirit   .   Q - +2 robe of Joaxull {Str+3}
rPois   .          Reflect  .   (helmet restricted)
rElec   .          Harm     .   x - +0 cloak
rCorr   .          Rampage  .   (gloves unavailable)
Will    .....                   (boots unavailable)
Stlth   ++........              f - amulet of regeneration
HPRegen 1.88/turn               C - +4 ring of evasion
MPRegen 0.12/turn               L - ring of see invisible

@: on berserk cooldown, slowed, very slow
A: large, unfitting armour, claws 3, regeneration 1, shaggy fur 1, tough skin 1
a: Renounce Religion, Berserk, Trog's Hand, Brothers in Arms


You were on level 13 of the Dungeon.
You worshipped Trog.
Trog was extremely pleased with you.
You visited 1 branch of the dungeon, and saw 13 of its levels.
You also visited: Ossuary.

You collected 950 gold pieces.
You spent 186 gold pieces at shops.

Inventory:

Hand Weapons
 k - a +2 morningstar of freezing
 E - a +2 battleaxe of freezing
 H - a +3 dire flail
 J - a +6 vorpal falchion
 W - a +0 hand axe of draining
Missiles
 o - 8 boomerangs (quivered)
 w - 35 poisoned darts
 B - 72 stones
 X - 15 large rocks
 Y - 5 atropa-tipped darts
Armour
 h - a +0 robe of cold resistance
 x - a +0 cloak (worn)
 N - a +2 robe of willpower
 Q - the +2 robe of Joaxull (worn) {Str+3}
   (You found it on level 9 of the Dungeon)

   Str:       It affects your strength (+3).
 U - a +0 troll leather armour
Jewellery
 b - a ring of positive energy
 f - an amulet of regeneration (around neck)
 C - a +4 ring of evasion (left claw)
 F - a ring of fire
 L - a ring of see invisible (right claw)
 P - an amulet of guardian spirit
Wands
 m - a wand of acid (4)
 y - a wand of polymorph (14)
 S - a wand of roots (6)
Scrolls
 a - a scroll of vulnerability {unknown}
 g - 2 scrolls of fear {unknown}
 i - 7 scrolls of teleportation
 j - 3 scrolls of enchant weapon {unknown}
 q - 2 scrolls of summoning {unknown}
 r - 2 scrolls of noise {unknown}
 s - a scroll of torment {unknown}
 v - a scroll of silence {unknown}
 G - 2 scrolls of enchant armour {unknown}
 M - 2 scrolls of butterflies {unknown}
 O - 3 scrolls of magic mapping
 T - 2 scrolls of brand weapon {unknown}
 V - a scroll of blinking {unknown}
 Z - a scroll of immolation {unknown}
Potions
 c - 8 potions of attraction
 d - 6 potions of curing
 e - a potion of haste
 l - a potion of resistance
 n - 4 potions of might
 p - 2 potions of ambrosia
 t - a potion of cancellation
 u - 2 potions of flight
 z - a potion of berserk rage
 A - a potion of invisibility {unknown}
 D - 2 potions of mutation
 I - 4 potions of lignification
 K - 6 potions of heal wounds
 R - a potion of magic


   Skills:
 * Level 5.5 Fighting
 * Level 6.6 Dodging
 + Level 2.7 Stealth
 * Level 17.9 Unarmed Combat


You had 11 spell levels left.
You didn't know any spells.
Your spell library was empty.

Dungeon Overview and Level Annotations

Branches:
Dungeon (13/15)            Temple (0/1) D:5            Lair (0/5) D:8
    Orc (0/2) D:10        Ossuary (visited)
 Vaults: D:13-14

Altars:
Cheibriados
Elyvilon
Gozag
Hepliaklqana
Makhleb
Nemelex Xobeh
Okawaru
Qazlal
Sif Muna
Trog
Uskayaw
Wu Jian
Xom
Yredelemnul

Shops:
D:1 [   D:8 ?   D:12 (


Innate Abilities, Weirdness & Mutations

You are too large for most types of armour.
You have claws for hands.
Your natural rate of healing is unusually fast.
You are covered in fur. (AC +1)
You have tough skin. (AC +1)


Message History

You claw the rakshasa!
The rakshasa is severely wounded.
The injured rakshasa weaves a defensive illusion!
You claw the rakshasa!
You feel the power of Trog in you as your rage grows.
You kill the rakshasa!
The rakshasa shimmers and vanishes!
The jumping spider pounces on you! The jumping spider barely misses you.
A jumping spider comes into view.
You closely miss the jumping spider.
The rakshasa blinks!
The jumping spider pounces on you!
* * * LOW HITPOINT WARNING * * *
You are caught in a web!
The jumping spider barely misses you.
The web tears apart.
The jumping spider leaps!
The jumping spider misses you. The jumping spider bites you.
* * * LOW HITPOINT WARNING * * *
The rakshasa gestures at you. The lance of force hits you!
* * * LOW HITPOINT WARNING * * *
You are knocked back by the lance of force.
You feel a strong urge to attack something.
You feel your anger nearly subside.
You are no longer berserk.
You are exhausted.
You feel yourself slow down.
The jumping spider leaps! x2
The jumping spider pounces on you.
* * * LOW HITPOINT WARNING * * *
The jumping spider completely misses you.
You closely miss the jumping spider. The jumping spider pounces on you!
* * * LOW HITPOINT WARNING * * *
You are caught in a web!
The jumping spider barely misses you.
The web tears apart.
The jumping spider misses you.
The jumping spider bites you but does no damage.
The jumping spider pounces on you!
* * * LOW HITPOINT WARNING * * *
The jumping spider bites you.
* * * LOW HITPOINT WARNING * * *
The jumping spider pounces on you!
You die...

#################### #
##........##........# #
#.........@'........# #
#........s##........# ###
#.........##........# #..
#.)[..######........#####..
####....##...................
#.#)#...##.###...........##..
#.##...# ####.###....####
#°#.#...# ..........# #§#
##..!# ..####.....#


You could see a jumping spider.

Vanquished Creatures
  Snorg (D:12)
  A vault guard (D:13)
  2 boulder beetles
  2 two-headed ogres
  A centaur warrior (D:9)
  3 merfolk aquamancers (D:13)
  A tengu warrior (D:13)
  Pikel (D:5)
  2 ugly things (D:13)
  3 cyclopes (D:11)
  A water nymph (D:13)
  A gargoyle (D:11)
  An unseen horror (D:11)
  2 komodo dragons (D:11)
  A kobold demonologist (D:9)
  A freezing wraith (D:13)
  4 trolls
  6 slime creatures (D:12)
  Sigmund (D:6)
  A shadow (D:13)
  A wyvern (D:9)
  A wraith (D:11)
  A vampire (D:9)
  11 yaks
  3 steam dragons
  A human (D:10)
  2 vampire mosquitoes (D:12)
  A warg (D:10)
  A water moccasin (D:6)
  Duvessa (D:7)
  2 acid dragons
  3 orc warriors
  A sky beast (D:6)
  An ice beast (D:6)
  A black bear (D:7)
  4 centaurs
  An ogre (D:4)
  A phantom (D:5)
  2 kobold brigands
  3 scorpions
  3 bullfrogs
  An elf zombie (Ossuary)
  A necrophage (D:8)
  14 wights
  Dowan (D:7)
  4 killer bees (D:9)
  An electric eel (D:9)
  A howler monkey (D:6)
  A centaur zombie (Ossuary)
  A human zombie (Ossuary)
  2 jellies
  A gnoll bouda (D:6)
  9 orc priests
  A hound (D:5)
  Crazy Yiuf (D:7)
  3 iguanas
  17 orc wizards
  2 mummies (Ossuary)
  8 gnolls
  4 adders
  A shadow imp (D:8)
  A white imp (D:7)
  2 adder zombies (Ossuary)
  2 worms
  A dart slug (D:1)
  43 orcs
  7 ball pythons
  5 bats
  8 endoplasms
  2 giant cockroaches (D:2)
  7 hobgoblins
  4 jackals (D:2)
  A quokka (D:2)
  5 frilled lizards
  7 goblins
  7 hobgoblin zombies (Ossuary)
  A jackal zombie (Ossuary)
  17 kobolds
  11 kobold zombies (Ossuary)
  11 orc zombies (Ossuary)
  9 rats
  2 rat zombies (Ossuary)
  A spectral kobold (D:1)
309 creatures vanquished.

Vanquished Creatures (others)
  An electric eel (D:13)
  3 fungi (D:7)
4 creatures vanquished.

Grand Total: 313 creatures vanquished

Notes
Turn   | Place    | Note
-------+----------+-------------------------------------------
     0 | D:1      | roguelike the Troll Berserker began the quest for the Orb.
     0 | D:1      | Reached XP level 1. HP: 22/22 MP: 0/0
   114 | D:1      | Found Yqeamud's Armour Shop.
   128 | D:1      | Reached XP level 2. HP: 29/29 MP: 1/1
   232 | D:1      | Found a faded altar of an unknown god.
   489 | D:1      | Reached ** piety under Trog
   660 | D:2      | Reached XP level 3. HP: 36/37 MP: 2/2
  1316 | D:3      | Found a stormy altar of Qazlal.
  1590 | D:3      | Found a basalt altar of Yredelemnul.
  1600 | D:3      | Reached XP level 4. HP: 45/45 MP: 3/3
  1611 | D:3      | Reached *** piety under Trog
  1702 | D:3      | Reached skill level 4 in Unarmed Combat
  1957 | D:3      | Found a hazy altar of Hepliaklqana.
  1960 | D:3      | Found an ornate altar of the Wu Jian Council.
  1964 | D:3      | Found a shimmering blue altar of Sif Muna.
  2213 | D:4      | Found a bloodstained altar of Trog.
  2320 | D:4      | Noticed an ogre
  2324 | D:4      | Killed an ogre
  2325 | D:4      | Reached skill level 5 in Unarmed Combat
  2325 | D:4      | Reached XP level 5. HP: 37/53 MP: 4/4
  2365 | D:4      | Found a shimmering altar of Xom.
  2699 | D:5      | Entered Level 5 of the Dungeon
  2711 | D:5      | Reached XP level 6. HP: 53/61 MP: 5/5
  2908 | D:5      | Found a staircase to the Ecumenical Temple.
  2945 | D:5      | Noticed Pikel
  2962 | D:5      | Killed Pikel
  2963 | D:5      | Reached skill level 7 in Unarmed Combat
  2963 | D:5      | Reached XP level 7. HP: 40/67 MP: 6/6
  3013 | D:5      | Found a burning altar of Makhleb.
  3119 | D:5      | Reached skill level 8 in Unarmed Combat
  3233 | D:5      | Reached **** piety under Trog
  3514 | D:5      | Reached XP level 8. HP: 78/78 MP: 7/7
  3749 | D:6      | Reached skill level 1 in Stealth
  3749 | D:6      | Reached skill level 9 in Unarmed Combat
  3916 | D:6      | Reached skill level 10 in Unarmed Combat
  3997 | D:6      | Noticed Sigmund
  4006 | D:6      | Killed Sigmund
  4007 | D:6      | Reached XP level 9. HP: 84/84 MP: 8/8
  4161 | D:6      | Found a sand-covered staircase.
  4165 | Ossuary  | Entered an ossuary
  4233 | Ossuary  | Reached ***** piety under Trog
  4250 | Ossuary  | Reached skill level 11 in Unarmed Combat
  4270 | Ossuary  | Received a gift from Trog
  4629 | D:7      | Noticed a troll
  4639 | D:7      | Killed a troll
  4716 | D:7      | Found a runed translucent door.
  4717 | D:7      | Noticed Crazy Yiuf
  4779 | D:7      | Noticed Duvessa
  4779 | D:7      | Noticed Dowan
  4785 | D:7      | Killed Dowan
  4788 | D:7      | Killed Duvessa
  4789 | D:7      | Reached skill level 12 in Unarmed Combat
  5163 | D:8      | Found a staircase to the Lair.
  5385 | D:7      | Found a hide-covered altar of Uskayaw.
  5543 | D:7      | Killed Crazy Yiuf
  5588 | D:8      | Found Qaori's Magic Scroll Emporium.
  5591 | D:8      | Bought 2 scrolls of teleportation for 72 gold pieces
  5591 | D:8      | Bought a scroll of magic mapping for 90 gold pieces
  5591 | D:8      | Bought a scroll of identify for 24 gold pieces
  5877 | D:8      | Reached skill level 13 in Unarmed Combat
  5894 | D:8      | Reached XP level 10. HP: 79/92 MP: 9/9
  6179 | D:9      | Found a sparkling altar of Nemelex Xobeh.
  6182 | D:9      | Found a snail-covered altar of Cheibriados.
  6314 | D:9      | Received a gift from Trog
  6403 | D:9      | Noticed a centaur warrior
  6403 | D:9      | Noticed a boulder beetle
  6443 | D:9      | Killed a boulder beetle
  6444 | D:9      | Reached skill level 14 in Unarmed Combat
  6454 | D:9      | Killed a centaur warrior
  6461 | D:9      | Identified the +2 robe of Joaxull {Str+3}
  6509 | D:9      | Found an iron altar of Okawaru.
  6742 | D:10     | Entered Level 10 of the Dungeon
  6742 | D:10     | Noticed a two-headed ogre
  6749 | D:9      | Noticed a two-headed ogre
  6755 | D:9      | Killed a two-headed ogre
  6756 | D:9      | Reached skill level 5 in Dodging
  6847 | D:9      | Found an opulent altar of Gozag.
  6872 | D:9      | Reached skill level 15 in Unarmed Combat
  7145 | D:10     | Killed a two-headed ogre
  7146 | D:10     | Reached XP level 11. HP: 56/101 MP: 10/10
  7361 | D:10     | Found a staircase to the Orcish Mines.
  7888 | D:11     | Reached skill level 16 in Unarmed Combat
  8455 | D:12     | Found a white marble altar of Elyvilon.
  8592 | D:12     | Found Elem Fus's Antique Weapon Boutique.
  8679 | D:12     | Reached skill level 5 in Fighting
  8812 | D:12     | Noticed Snorg
  8825 | D:12     | Killed Snorg
  9133 | D:13     | Noticed a merfolk aquamancer
  9133 | D:13     | Noticed a merfolk aquamancer
  9133 | D:13     | Noticed a merfolk aquamancer
  9140 | D:13     | Killed a merfolk aquamancer
  9141 | D:13     | Reached skill level 17 in Unarmed Combat
  9141 | D:13     | Reached XP level 12. HP: 111/111 MP: 11/11
  9145 | D:13     | Killed a merfolk aquamancer
  9149 | D:13     | Killed a merfolk aquamancer
  9244 | D:13     | Noticed a tengu warrior
  9371 | D:13     | Noticed a boulder beetle
  9386 | D:13     | Killed a boulder beetle
  9393 | D:13     | Noticed a tengu warrior
  9396 | D:13     | Noticed a vault guard
  9398 | D:13     | Killed a tengu warrior
  9405 | D:13     | Killed a vault guard
  9405 | D:13     | Noticed a rakshasa
  9429 | D:13     | Mangled by a jumping spider (shapeshifter) (illusionary)

Illustrated notes

Levels and vault maps discovered:
D:1:      dpeg_arrival_shelter, layout_basic,
          dreamdust_ecumenical_altar_drowned_temple, serial_shops,
          nicolae_shop_behind_doors
D:2:      layout_rooms, kennysheep_cross_bottleneck,
          minmay_misc_feat_four_crosses, minmay_randomly_rotated_circles
D:3:      layout_basic, overflow_temple_1_default, lemuel_doored_altar,
          grunt_temple_overflow_diamond
D:4:      layout_loops_ring, xom_butterflies, mainiacjoe_overflow_catwalk
D:5:      nicolae_cairo_tiling_very_big, layout_basic,
          lemuel_coloured_pillars_altar, minmay_temple_entry_purple_smoke,
          uniq_pikel
D:6:      layout_gridville, enter_ossuary_5, minmay_strange_pillars,
          uniq_sigmund
D:7:      layout_loops_ring, nicolae_uskayaw_suspiria, uniq_duvessa,
          uniq_crazy_yiuf_cottage
D:8:      layout_loops_cross, lair_entry_dummy, serial_shops,
          nicolae_stop_n_shop_2, st_stairs_9, minmay_misc_feat_tower,
          chequers_serial_rivers_micro_c
D:9:      minmay_bloctagon_deflated, layout_loops_corners,
          nicolae_overflow_squiral, amcnicky_altar_gilded,
          nicolae_gozag_seed_capital
D:10:     layout_irregular_city, erik_orc_4
D:11:     layout_loops_ring, kennysheep_another_room
D:12:     layout_roguey, serial_shops, nicolae_shop_hallway_stairs,
          elyvilon_altar_4, uniq_snorg
D:13:     layout_basic, david_vaults_5, nicolae_splish_splash, uniq_sonja

Skill      XL: |  1  2  3  4  5  6  7  8  9 10 11 |
---------------+----------------------------------+-----
Fighting       | 3 4 5 |  5.5
Unarmed Combat | 5 7 8 10 13 15 17 | 17.9
Dodging        | 3 4 5 6 |  6.6
Stealth        | 1 2 |  2.7

Action                   |  1- 3 |  4- 6 |  7- 9 | 10-12 || total
-------------------------+-------+-------+-------+-------++-------
Melee: Unarmed           |   132 |    86 |   297 |   304 ||   819
       Punch             |     1 |       |    15 |    29 ||    45
Invok: Trog's Hand       |       |       |     2 |     1 ||     3
       Berserk           |       |       |       |     4 ||     4
       Brothers in Arms  |       |       |       |     1 ||     1
  Use: Scroll            |       |       |     9 |     7 ||    16
 Stab: Sleeping          |     1 |       |     1 |     2 ||     4
Armor: Animal skin       |    45 |    11 |    44 |       ||   100
       Robe              |       |       |    11 |    53 ||    64
Dodge: Dodged            |    83 |    19 |   155 |   119 ||   376
